 Dungeon Crawl Stone Soup version 0.31-a0-596-g831eee08f1 (webtiles) character file.

Game seed: 1734793063667055320

324 RepHenryClay the Destroyer (level 6, -3/32 HPs)
             Began as a Deep Elf Conjurer on Aug 21, 2023.
             Slain by Duvessa
             ... wielding a +0 short sword
              (16 damage)
             ... on level 5 of the Dungeon.
             The game lasted 00:05:41 (4197 turns).

RepHenryClay the Destroyer (Deep Elf Conjurer)      Turns: 4197, Time: 00:05:42

Health: -3/32      AC:  3    Str:  4    XL:     6   Next: 23%
Magic:  4/12       EV: 12    Int: 23    God:
Gold:   115        SH:  0    Dex: 15    Spells: 8/11 levels left

rFire   . . .        e - +2 short sword (protect)
rCold   . . .        (no shield)
rNeg    . . .        a - +0 robe
rPois   .            k - +0 helmet
rElec   .            (no cloak)
rCorr   .            (no gloves)
SInv    .            (no boots)
Will    .....        (no amulet)
Stlth   ++           (no ring)
HPRegen 0.25/turn    (no ring)
MPRegen 0.13/turn

%: no passive effects
@: no status effects
A: no striking features
a: no special abilities


You were on level 5 of the Dungeon.
You visited 1 branch of the dungeon, and saw 5 of its levels.

You collected 115 gold pieces.

Inventory:

Hand Weapons
 e - a +2 short sword of protection (weapon)
Armour
 a - a +0 robe (worn)
 k - a +0 helmet (worn)
Wands
 p - a wand of digging (6)
 t - a wand of charming (7)
Potions
 b - 2 potions of magic
 c - 6 potions of curing
 g - 2 potions of heal wounds
 h - a potion of haste {unknown}
 i - 2 potions of enlightenment {unknown}
 l - a potion of ambrosia {unknown}
 m - a potion of lignification {unknown}
 n - a potion of invisibility {unknown}
 o - a potion of attraction {unknown}
 q - a potion of mutation {unknown}
 r - 2 potions of might {unknown}
 u - a potion of cancellation {unknown}


   Skills:
 - Level 2.4 Dodging
 - Level 2.4 Stealth
 - Level 3.0 Spellcasting
 + Level 8.3 Conjurations


You had 8 spell levels left.
You knew the following spells:

 Your Spells              Type           Power      Damage    Failure   Level
a - Magic Dart            Conj           100%       1d8       1%          1
b - Searing Ray           Conj           82%        2d7       1%          2

Your spell library contained the following spells:

 Spells                   Type           Power      Damage    Failure   Level
 Dazzling Flash           Conj/Hex       44%        N/A       6%          3
 Sublimation of Blood     Necr           3%         N/A       17%         2
 Wereblood                Tmut           3%         N/A       17%         2
 Fulminant Prism          Conj/Hex       11%        3d9       21%         4
 Iskenderun's Mystic Bla  Conj/Tloc      22%        2d6       21%         4
 Volatile Blastmotes      Fire/Tloc      6%         2d10      34%         3
 Starburst                Conj/Fire      11%        6d5       97%         6
 Summon Hydra             Summ           1%         N/A       100%        7
 Maxwell's Capacitive Co  Air            1%         ∞         100%        8


Dungeon Overview and Level Annotations

Branches:
Dungeon (5/15)
 Temple: D:4-7

Altars:
Kikubaaqudgha
Xom
Zin

Annotations:
D:4 1 runed translucent door, Crazy Yiuf
D:5 Duvessa


Message History

Duvessa is lightly wounded.
Casting: Magic Dart (safe; 1% risk of failure)
Confirm with . or Enter, or press ? or * to list all spells.
Aiming: Searing Ray (safe; 1% risk of failure)
Press: ? - help, Shift-Dir - straight line, f/p - Duvessa
Aim: Duvessa, wielding a +0 short sword and wearing a +0 leather armour (lightly wounded, berserk, 84% to hit)
The searing ray hits Duvessa.
Duvessa is lightly wounded. (Press . to maintain the ray.) Duvessa rages.
The searing ray hits Duvessa but does no damage.
Duvessa is lightly wounded.
The searing ray hits Duvessa!
Duvessa is moderately wounded.
Duvessa hits you with a +0 short sword! Duvessa closely misses you.
Huge Dmg: -37%(-12hp) hp: 63%(20hp)
The searing ray hits Duvessa.
Duvessa is heavily wounded.
You finish channelling your searing ray.
Duvessa hits you with a +0 short sword!
* * * LOW HITPOINT WARNING * * *
Huge Dmg: -34%(-11hp) hp: 29%(9hp)
You aren't carrying any scrolls.
You feel much better. Duvessa hits you with a +0 short sword.
Duvessa hits you with a +0 short sword!
Unknown command.
Casting: Searing Ray (safe; 1% risk of failure)
Confirm with . or Enter, or press ? or * to list all spells.
Okay, then.
Casting: Searing Ray (safe; 1% risk of failure)
Confirm with . or Enter, or press ? or * to list all spells.
Aiming: Searing Ray (safe; 1% risk of failure)
Press: ? - help, Shift-Dir - straight line, f/p - Duvessa
Aim: Duvessa, wielding a +0 short sword and wearing a +0 leather armour (heavily wounded, berserk, 84% to hit)
The searing ray hits Duvessa.
Duvessa is heavily wounded. (Press . to maintain the ray.) Duvessa hits you with a +0 short sword!
Ouch! That really hurt!
You die...

***###..#.# ##.......## ##.##.#
**,,,*#.##.# ##.....## ###*,#
,,,,,,####.### ##...##***** *,*
,,*,*,,*#..>.# ##'## *,,,* *,*
,,,*,,,,##.#.# #.# *,..* *,*
,,*,*,,**##### #)#*##...*****,*
,,,,,,**,,,,**####.#......,,,**,*
**,,,**,,,,,,*#...........,,,,,,*
,***+*,,*,,*,,##.@e.......,,,****
,,,*,*,,,**,,,+.#...###...****
,,,*,*,,,**,,,+....## *,..*
,,,*,+,,*,,*,,####.# *,,,*
,,,*,**,,,,,,** #.# *****
,,,*,***,,,,** #.# ,,,*,* ******
#.# ,***+**** *.# **,,,,,,*******
*,*


You could see Duvessa (berserk).

Vanquished Creatures
  A scorpion (D:4)
  Dowan (D:5)
  A hound (D:4)
  Terence (D:3)
  2 orc wizards (D:5)
  An adder (D:4)
  A white imp (D:5)
  A worm (D:4)
  2 dart slugs (D:1)
  6 orcs (D:5)
  7 ball pythons
  5 bats
  6 endoplasms
  4 giant cockroaches
  2 goblins
  10 hobgoblins
  3 jackals (D:1)
  2 quokkas
  2 frilled lizards (D:1)
  11 kobolds
  5 rats
74 creatures vanquished.

Notes
Turn   | Place    | Note
-------+----------+-------------------------------------------
     0 | D:1      | RepHenryClay the Deep Elf Conjurer began the quest for the
                  | Orb.
     0 | D:1      | Reached XP level 1. HP: 10/10 MP: 6/6
   276 | D:1      | Reached XP level 2. HP: 15/15 MP: 1/8
   396 | D:1      | Reached skill level 5 in Conjurations
   758 | D:1      | Reached XP level 3. HP: 19/19 MP: 5/9
   954 | D:1      | Found a faded altar of an unknown god.
  1968 | D:2      | Reached skill level 6 in Conjurations
  2074 | D:3      | Found an ancient bone altar of Kikubaaqudgha.
  2354 | D:3      | Found a shimmering altar of Xom.
  2378 | D:3      | Found a glowing silver altar of Zin.
  2449 | D:3      | Noticed Terence
  2475 | D:2      | Learned a level 2 spell: Searing Ray
  2505 | D:3      | Killed Terence
  2506 | D:3      | Reached XP level 4. HP: 24/24 MP: 1/10
  3197 | D:4      | Noticed a scorpion
  3204 | D:4      | Reached skill level 7 in Conjurations
  3204 | D:4      | Reached XP level 5. HP: 25/28 MP: 4/11
  3621 | D:4      | Found a runed translucent door.
  3622 | D:4      | Noticed Crazy Yiuf
  3825 | D:5      | Entered Level 5 of the Dungeon
  3994 | D:5      | Reached skill level 8 in Conjurations
  3994 | D:5      | Reached XP level 6. HP: 32/32 MP: 3/12
  4121 | D:5      | Noticed Dowan
  4121 | D:5      | Noticed Duvessa
  4127 | D:5      | Killed Dowan
  4197 | D:5      | Slain by Duvessa

Illustrated notes

Levels and vault maps discovered:
D:1:      minmay_arrival_four_houses, layout_loops_cross,
          ebering_ecumenical_altar_mist, hangedman_feature_mirror
D:2:      layout_basic
D:3:      layout_basic, xom_butterflies, mainiacjoe_overflow_cross_hatched,
          lemuel_tele_altar, uniq_terence
D:4:      layout_rooms, minmay_misc_feat_tower, uniq_crazy_yiuf_cottage
D:5:      minmay_polygon_palace, layout_loops_corners,
          mainiacjoe_overflow_paths, uniq_eustachio, uniq_duvessa

Skill      XL: |  1  2  3  4  5 |
---------------+----------------+-----
Conjurations   | 5 6 7 8 |  8.3
Dodging        | |  2.4
Stealth        | |  2.4
Spellcasting   | |  3.0

Action                     |  1- 3 |  4- 6 || total
---------------------------+-------+-------++-------
  Melee: Unarmed           |     2 |       ||     2
         Short sword       |     8 |     4 ||    12
   Cast: Magic Dart        |    93 |    31 ||   124
         Searing Ray       |     1 |     9 ||    10
    Use: Potion            |       |     2 ||     2
         Scroll            |       |     4 ||     4
 Armour: Robe              |    13 |     2 ||    15
  Dodge: Dodged            |    21 |     8 ||    29

Table legend: (Time is in decaauts)
 A = Elapsed time spent in this place.
 B = Non-inter-level travel time spent in this place.
 C = Inter-level travel time spent in this place.
 D = Time resting spent in this place.
 E = Time spent auto-exploring this place.
 F = Levels seen in this place.
 G = Mean time per level.
                   A        B        C        D        E       F      G
               +--------+--------+--------+--------+--------+-----+--------+
         Total |   4197 |   4080 |    117 |     75 |   3596 |   5 |  839.4 |
       Dungeon |   4197 |   4080 |    117 |     75 |   3596 |   5 |  839.4 |
               +--------+--------+--------+--------+--------+-----+--------+

Top non-repeatable levels by time:
     D:1: 1180 daAuts
     D:3: 1096 daAuts
     D:2: 879 daAuts
     D:4: 669 daAuts
     D:5: 371 daAuts
